 Dungeon Crawl Stone Soup version 0.30-a0-141-g30f27751c5 (webtiles) character file.

Game seed: 14060759283288002094

2444 qw the Cleaver (level 9, -4/57 HPs)
             Began as a Gargoyle Fighter on Sept 25, 2022.
             Slain by a gnoll
             ... wielding a +3 flail
             ... led by a gnoll sergeant
              (9 damage)
             ... on level 7 of the Dungeon.
             The game lasted 00:02:21 (6199 turns).

qw the Cleaver (Gargoyle Fighter)                   Turns: 6199, Time: 00:02:22

Health: -4/57      AC: 24    Str: 23    XL:     9   Next: 49%
Magic:  9/9        EV:  8    Int: 10    God:
Gold:   278        SH:  4    Dex:  9    Spells: 8/8 levels left

rFire   + . .      SeeInvis +    Y - +1 war axe
rCold   . . .      Faith    .    c - +0 buckler
rNeg    + . .      Spirit   .    o - +0 chain mail
rPois   inf        Reflect  .    p - +2 helmet {SInv}
rElec   +          Harm     .    b - +0 cloak
rCorr   +          Rampage  .    e - +0 pair of gloves
Will    .....                    v - +0 pair of boots
Stlth   ..........               (no amulet)
HPRegen 0.19/turn                l - ring of protection from fire
MPRegen 0.11/turn                s - ring of resist corrosion

@: about to teleport
A: sickness immunity, AC +6, negative energy resistance 1, electricity
resistance, torment resistance 1, petrification resistance, shaggy fur 1
a: no special abilities


You were on level 7 of the Dungeon.
You visited 2 branches of the dungeon, and saw 8 of its levels.

You collected 429 gold pieces.
You spent 151 gold pieces at shops.


Innate Abilities, Weirdness & Mutations

You are immune to sickness and miasma.
Your stone body is resilient. (AC +6)
You are immune to poison.
You resist negative energy. (rN+)
You are resistant to electric shocks. (rElec)
You are resistant to unholy torment.
You are immune to petrification.
You are covered in fur. (AC +1)


   Skills:
 - Level 7.0 Fighting
 + Level 9.0 Axes
 - Level 1.6 Throwing
 - Level 6.0 Armour
 - Level 1.0 Dodging
 - Level 4.1 Shields


You had 8 spell levels left.
You didn't know any spells.
Your spell library was empty.

Inventory:

Hand Weapons
 g - a +0 flail
 Y - a +1 war axe (weapon)
Missiles
 f - 7 boomerangs (quivered)
Armour
 b - a +0 cloak (worn)
 c - a +0 buckler (worn)
 e - a +0 pair of gloves (worn)
 o - a +0 chain mail (worn)
 p - a +2 helmet of see invisible (worn)
 v - a +0 pair of boots (worn)
Jewellery
 l - a ring of protection from fire (left hand)
 s - a ring of resist corrosion (right hand)
Scrolls
 j - a scroll of identify
 r - 3 scrolls of teleportation
Potions
 a - a potion of curing
 d - 2 potions of might
 h - 2 potions of haste
 k - a potion of flight {unknown}
 m - 3 potions of mutation
 q - a potion of resistance {unknown}
 t - a potion of cancellation {unknown}
 u - a potion of lignification {unknown}

Dungeon Overview and Level Annotations

Branches:
Dungeon (7/15)             Temple (1/1) D:6

Altars:
Ashenzari
Cheibriados
Dithmenos
Elyvilon
Fedhas
Gozag
Hepliaklqana
Makhleb
Nemelex Xobeh
Qazlal
Ru
Sif Muna
Trog
Uskayaw
Vehumet
Wu Jian
Xom
Yredelemnul
Zin

Shops:
D:3 :[*   D:4 :[

Annotations:
D:3 3 runed translucent doors, johnnieboy's ghost, amateur NaEn


Message History

You slash the gnoll!
You kill the gnoll!
You completely miss the gnoll. You hit the gnoll but do no damage.
You hit the gnoll.
The gnoll sergeant hits you but does no damage.
The gnoll completely misses you. The gnoll barely misses you.
You slash the gnoll!
You kill the gnoll!
You barely miss the gnoll. You slash the gnoll! You hit the gnoll.
You block the gnoll sergeant's attack. You block the gnoll's attack.
The gnoll hits you but does no damage. x2
You barely miss the gnoll.
The gnoll is almost dead.
You hit the gnoll but do no damage. You barely miss the gnoll.
The gnoll sergeant hits you from afar with a +0 spear.
The gnoll hits you with a +0 club. The gnoll hits you but does no damage.
You barely miss the gnoll.
The gnoll is almost dead.
You hit the gnoll. You slash the gnoll!
You kill the gnoll!
The gnoll hits you with a +3 flail.
The gnoll sergeant hits you but does no damage.
The gnoll barely misses you.
Your Armour skill increases to level 6!
You barely miss the gnoll.
The gnoll is almost dead.
You hit the gnoll. You closely miss the gnoll. You block the gnoll's attack.
The gnoll hits you but does no damage.
The gnoll sergeant hits you from afar with a +0 spear!
The gnoll hits you but does no damage.
6198 ||| READING 4 scrolls of teleportation.
As you read the scroll of teleportation, it crumbles to dust.
You feel strangely unstable. The gnoll hits you with a +3 flail.
The gnoll sergeant barely misses you. The gnoll hits you but does no damage.
You slash the gnoll!
You kill the gnoll!
You hit the gnoll. x2
The gnoll hits you with a +3 flail!
You die...

#.....##.# ##
#......#.##.. #
............ #.
.....^....# ..
.........# ##.
......##
..#...###g)....##
.........@.g....#
#...#....g#......
# ##.#### ....#
#.. ...# #.. ...
... .. ...# .
..##


You could see a gnoll sergeant and 2 gnolls.

Vanquished Creatures
  6 water moccasins
  2 ice beasts
  2 black bears
  2 ogres (D:5)
  2 phantoms (D:6)
  A necrophage (D:5)
  5 scorpions
  3 killer bees (D:6)
  A howler monkey (D:4)
  4 hounds
  3 orc priests
  An iguana (D:5)
  4 orc wizards
  11 gnolls
  6 adders
  2 ufetubi (D:6)
  2 worms
  5 dart slugs
  12 orcs
  4 endoplasms
  2 giant cockroaches (D:2)
  7 goblins
  9 hobgoblins
  10 jackals
  3 quokkas
  3 ball pythons
  5 bats
  2 frilled lizards
  9 kobolds
  7 rats
135 creatures vanquished.

Vanquished Creatures (others)
  3 fungi (D:6)
3 creatures vanquished.

Grand Total: 138 creatures vanquished

Notes
Turn   | Place    | Note
-------+----------+-------------------------------------------
     0 | D:1      | qw the Gargoyle Fighter began the quest for the Orb.
     0 | D:1      | Reached XP level 1. HP: 14/14 MP: 1/1
     0 | D:1      | 0 ||| qw: Version: 0.2-a-9-g4872b50
     0 | D:1      | 0 ||| qw: Game counter: 76
     0 | D:1      | 0 ||| qw: Always use a shield: true
     0 | D:1      | 0 ||| qw: God list: Okawaru
     0 | D:1      | 0 ||| qw: Allow faded altars: false
     0 | D:1      | 0 ||| qw: Do Orc after D:15 true
     0 | D:1      | 0 ||| qw: Do second Lair branch before Depths: true
     0 | D:1      | 0 ||| qw: Lair rune preference: random
     0 | D:1      | 0 ||| qw: Plans: Normal, Zot:1-4, God:TSO, Crypt, Tomb,
                  | Pan, Slime:5, Hells, Abyss, Orb
     0 | D:1      | 0 ||| PLANNING D:1-11
    34 | D:1      | Reached skill level 2 in Axes
    34 | D:1      | Reached XP level 2. HP: 14/19 MP: 2/2
    97 | D:1      | 97 ||| Stepping ~*~*~tactically~*~*~ (stealth).
   140 | D:1      | 140 ||| Stepping ~*~*~tactically~*~*~ (stealth).
   141 | D:1      | 141 ||| Stepping ~*~*~tactically~*~*~ (stealth).
   156 | D:1      | 156 ||| Stepping ~*~*~tactically~*~*~ (stealth).
   160 | D:1      | 160 ||| Stepping ~*~*~tactically~*~*~ (stealth).
   168 | D:1      | 168 ||| Stepping ~*~*~tactically~*~*~ (stealth).
   178 | D:1      | 178 ||| Stepping ~*~*~tactically~*~*~ (stealth).
   210 | D:1      | Reached skill level 3 in Axes
   260 | D:1      | Reached XP level 3. HP: 20/23 MP: 3/3
   681 | D:1      | 681 ||| UPGRADING to ring of protection from fire.
   682 | D:1      | 682 ||| READING scroll labelled PACIETZ YTAOSUXEA.
   683 | D:1      | 683 ||| READING scroll labelled TYLIPN VOORING.
   684 | D:1      | 684 ||| READING scroll labelled GYSILOZISE.
   685 | D:1      | 685 ||| READING scroll labelled ITOKHUTAOPN.
   800 | D:2      | 800 ||| Stepping ~*~*~tactically~*~*~ (stealth).
   822 | D:2      | 822 ||| FLEEEEING.
   823 | D:2      | 823 ||| FLEEEEING.
   824 | D:2      | 824 ||| FLEEEEING.
   825 | D:2      | 825 ||| FLEEEEING.
   826 | D:2      | 826 ||| FLEEEEING.
   829 | D:2      | 829 ||| FLEEEEING.
  1039 | D:2      | 1039 ||| Stepping ~*~*~tactically~*~*~ (stealth).
  1091 | D:2      | Reached XP level 4. HP: 28/28 MP: 4/4
  1379 | D:2      | Found a shimmering altar of Xom.
  1382 | D:2      | 1382 ||| Stepping ~*~*~tactically~*~*~ (stealth).
  1392 | D:2      | Reached skill level 4 in Axes
  1564 | D:2      | 1564 ||| UPGRADING to +0 pair of gloves.
  1569 | D:2      | 1569 ||| READING scroll labelled CUZUNUUGOIPA.
  1570 | D:2      | 1570 ||| DRINKING 3 clear potions.
  1570 | D:2      | Gained mutation: You are covered in fur. (AC +1) [potion of
                  | mutation]
  1606 | D:3      | Found Kigeiseokh's Book Emporium.
  1608 | D:3      | 1608 ||| STAIRDANCE
  1640 | D:3      | Reached XP level 5. HP: 27/32 MP: 5/5
  1640 | D:3      | 1640 ||| STAIRDANCE
  1694 | D:3      | 1694 ||| Stepping ~*~*~tactically~*~*~ (stealth).
  1697 | D:3      | 1697 ||| Stepping ~*~*~tactically~*~*~ (stealth).
  1747 | D:3      | Found Amyfidaa's Antique Armour Shoppe.
  1764 | D:3      | 1764 ||| BUYING chain mail (112 gold).
  1764 | D:3      | Bought a chain mail for 112 gold pieces
  1764 | D:3      | 1764 ||| SHOPLISTING glowing cloak (187 gold, have 53).
  1783 | D:3      | 1783 ||| Stepping ~*~*~tactically~*~*~ (stealth).
  1794 | D:3      | Found Muwir's General Store.
  1803 | D:3      | 1803 ||| SHOPLISTING amulet of the acrobat (390 gold, have
                  | 53).
  1803 | D:3      | 1803 ||| BUYING potion of curing (39 gold).
  1803 | D:3      | Bought a potion of curing for 39 gold pieces
  1803 | D:3      | 1803 ||| SHOPLISTING potion of might (52 gold, have 14).
  1907 | D:3      | 1907 ||| Stepping ~*~*~tactically~*~*~ (hiding).
  1950 | D:3      | Found a runed translucent gate.
  1951 | D:3      | Found a runed translucent gate.
  1951 | D:3      | Found a runed translucent gate.
  1951 | D:3      | Noticed johnnieboy's ghost (amateur NaEn)
  1992 | D:3      | Identified the +0 leather armour of the Ward {rCorr Int-2
                  | Stlth+}
  2382 | D:3      | 2382 ||| UPGRADING to +0 chain mail.
  2392 | D:3      | 2392 ||| DROPPING +0 scale mail.
  2393 | D:3      | 2393 ||| UPGRADING to +2 helmet of see invisible.
  2398 | D:3      | 2398 ||| UPGRADING to ring of resist corrosion.
  2399 | D:3      | 2399 ||| READING scroll labelled GUIMOWNEBLI.
  2400 | D:3      | 2400 ||| READING scroll labelled COSENO KISI.
  2430 | D:4      | Found a hide-covered altar of Uskayaw.
  2527 | D:4      | Reached skill level 5 in Axes
  2582 | D:4      | Reached XP level 6. HP: 18/38 MP: 6/6
  2836 | D:4      | Found Icloliko's Book Shoppe.
  3033 | D:4      | Found Heracles's Dragon-Slaying Spoils.
  3040 | D:4      | 3040 ||| SHOPLISTING +0 acid dragon scales "Furauts" {rCorr
                  | Str+4 Int-2 SInv} (609 gold, have 163).
  3040 | D:4      | 3040 ||| SHOPLISTING +0 ice dragon scales (660 gold, have
                  | 163).
  3040 | D:4      | 3040 ||| SHOPLISTING +0 shadow dragon scales (880 gold,
                  | have 163).
  3040 | D:4      | 3040 ||| SHOPLISTING +0 storm dragon scales (880 gold, have
                  | 163).
  3040 | D:4      | 3040 ||| SHOPLISTING +2 fire dragon scales (792 gold, have
                  | 163).
  3040 | D:4      | 3040 ||| SHOPLISTING +2 gold dragon scales (1012 gold, have
                  | 163).
  3040 | D:4      | 3040 ||| SHOPLISTING +2 pearl dragon scales (1192 gold,
                  | have 163).
  3040 | D:4      | 3040 ||| SHOPLISTING +7 swamp dragon scales of Ruffaq
                  | {rPois rF+ rC- MP+9} (1183 gold, have 163).
  3040 | D:4      | 3040 ||| SHOPLISTING quicksilver dragon scales (660 gold,
                  | have 163).
  3102 | D:4      | 3102 ||| UPGRADING to +0 cloak.
  3107 | D:4      | 3107 ||| DRINKING 2 fizzy purple potions.
  3108 | D:4      | 3108 ||| DRINKING 2 fuming black potions.
  3109 | D:4      | 3109 ||| DROPPING potion of degeneration.
  3134 | D:5      | Entered Level 5 of the Dungeon
  3141 | D:5      | 3141 ||| STAIRDANCE
  3209 | D:5      | Noticed a black bear
  3211 | D:5      | 3211 ||| STAIRDANCE
  3232 | D:5      | Killed a black bear
  3233 | D:5      | Reached skill level 6 in Axes
  3233 | D:5      | Reached XP level 7. HP: 20/43 MP: 7/7
  3233 | D:5      | 3233 ||| STAIRDANCE
  3407 | D:5      | 3407 ||| STAIRDANCE
  3557 | D:5      | 3557 ||| STAIRDANCE
  3563 | D:4      | Reached skill level 7 in Axes
  3599 | D:5      | 3599 ||| FLEEEEING.
  3600 | D:5      | 3600 ||| FLEEEEING.
  3601 | D:5      | 3601 ||| STAIRDANCE
  3797 | D:5      | 3797 ||| FLEEEEING.
  3800 | D:5      | 3800 ||| FLEEEEING.
  3801 | D:5      | 3801 ||| FLEEEEING.
  3802 | D:5      | 3802 ||| STAIRDANCE
  3988 | D:5      | Reached XP level 8. HP: 34/49 MP: 8/8
  4082 | D:5      | 4082 ||| Stepping ~*~*~tactically~*~*~ (stealth).
  4096 | D:5      | Reached skill level 1 in Dodging
  4229 | D:5      | Reached skill level 1 in Throwing
  4267 | D:5      | 4267 ||| FLEEEEING.
  4289 | D:5      | 4289 ||| Stepping ~*~*~tactically~*~*~ (stealth).
  4290 | D:5      | 4290 ||| Stepping ~*~*~tactically~*~*~ (stealth).
  4315 | D:5      | 4315 ||| Stepping ~*~*~tactically~*~*~ (stealth).
  4396 | D:5      | 4396 ||| Stepping ~*~*~tactically~*~*~ (hiding).
  4397 | D:5      | 4397 ||| Stepping ~*~*~tactically~*~*~ (hiding).
  4406 | D:5      | 4406 ||| DRINKING 3 potions of curing.
  4406 | D:5      | 4406 ||| (to cure confusion)
  4554 | D:5      | 4554 ||| READING scroll labelled HEMOIJ COIHENLA.
  4555 | D:5      | 4555 ||| READING 2 scrolls of identify.
  4555 | D:5      | 4555 ||| IDENTIFYING black potion
  4683 | D:6      | 4683 ||| Stepping ~*~*~tactically~*~*~ (stealth).
  4695 | D:6      | Found a staircase to the Ecumenical Temple.
  4696 | D:6      | 4696 ||| PLANNING TEMPLE
  4697 | D:6      | 4697 ||| Stepping ~*~*~tactically~*~*~ (stealth).
  4719 | Temple   | Entered the Ecumenical Temple
  4909 | Temple   | 4909 ||| PLANNING D:1-11
  5103 | D:6      | Reached skill level 8 in Axes
  5247 | D:6      | Reached skill level 6 in Fighting
  5266 | D:6      | Reached XP level 9. HP: 42/55 MP: 9/9
  5267 | D:6      | Reached skill level 9 in Axes
  5673 | D:6      | Found an opulent altar of Gozag.
  5805 | D:6      | 5805 ||| UPGRADING to +0 pair of boots.
  5810 | D:6      | 5810 ||| DRINKING 2 fizzy silvery potions.
  5811 | D:6      | 5811 ||| READING 2 scrolls of identify.
  5811 | D:6      | 5811 ||| IDENTIFYING murky puce potion
  5812 | D:6      | 5812 ||| DROPPING potion of magic.
  5813 | D:6      | 5813 ||| DROPPING potion of invisibility.
  5844 | D:7      | 5844 ||| STAIRDANCE
  5879 | D:7      | 5879 ||| STAIRDANCE
  5905 | D:7      | 5905 ||| STAIRDANCE
  5915 | D:7      | 5915 ||| STAIRDANCE
  5957 | D:7      | 5957 ||| STAIRDANCE
  6138 | D:7      | 6138 ||| STAIRDANCE
  6140 | D:6      | 6140 ||| DRINKING 2 potions of curing.
  6140 | D:6      | 6140 ||| (to cure confusion)
  6144 | D:7      | 6144 ||| STAIRDANCE
  6168 | D:7      | Identified the +2 leather armour "Qamoreh" {Int+4 Slay+3}
  6183 | D:7      | HP: 13/57 [gnoll sergeant/+0 spear (2)]
  6184 | D:7      | 6184 ||| READING 5 scrolls of teleportation.
  6185 | D:7      | 6185 ||| DRINKING potion of heal wounds.
  6197 | D:7      | Reached skill level 6 in Armour
  6197 | D:7      | HP: 10/57 [gnoll sergeant/+0 spear (8)]
  6198 | D:7      | 6198 ||| READING 4 scrolls of teleportation.
  6199 | D:7      | Slain by a gnoll

Levels and vault maps discovered:
D:1:      zelgadis_glass_arrival_small, layout_rooms, minmay_indecisive_spiral
D:2:      layout_basic, basic_altar
D:3:      layout_loops_cross, biasface_ghost_orc_armoury, serial_shops, shop,
          shop, nicolae_shop_waterfront, minmay_misc_feat_diagonals
D:4:      layout_cave_pools, mainiacjoe_overflow_cross_hatched, serial_shops,
          kennysheep_mini_moat, nicolae_shop_dragon_depot
D:5:      layout_rooms, hangedman_minor_gate_pass
D:6:      layout_cave_pods, nicolae_overflow_hidden_temple,
          minmay_temple_entry_glass, dreamdust_gnoll_farm
D:7:      layout_cave_pools, enter_bailey_2, uniq_crazy_yiuf_cottage
Temple:   nicolae_temple_bog_church

Skill      XL: |  1  2  3  4  5  6  7  8  9 |
---------------+----------------------------+-----
Axes           | 2 3 4 5 6 7 8 9 |  9.0
Fighting       | 4 5 6 7 |  7.0
Armour         | 4 6 |  6.0
Dodging        | 1 |  1.0
Throwing       | 1 |  1.6
Shields        | 4 |  4.1

Action                   |  1- 3 |  4- 6 |  7- 9 || total
-------------------------+-------+-------+-------++-------
Melee: War axe           |    95 |   108 |   261 ||   464
Throw: Boomerang         |    46 |    31 |    24 ||   101
  Use: Scroll            |     4 |     3 |     5 ||    12
       Potion            |       |     3 |     4 ||     7
Armor: Scale mail        |    46 |    31 |       ||    77
       Chain mail        |       |    65 |   241 ||   306
Dodge: Dodged            |    45 |    53 |   129 ||   227
Block: Buckler           |    18 |    26 |    66 ||   110

Table legend:
 A = Non-vault XP
 B = Vault XP
 C = Vault XP percentage of total XP
 D = Non-vault monster count
 E = Vault monster count
 F = Vault count percentage of total count
                 A         B        C        D         E       F
            +---------+---------+-------+---------+---------+-------
      Total |    3167 |     340 |   9.7 |     119 |      16 |  11.9
            +---------+---------+-------+---------+---------+-------
        D:1 |      43 |       8 |  15.7 |      20 |       4 |  16.7
        D:2 |     110 |       0 |   0.0 |      30 |       0 |   0.0
        D:3 |      55 |       0 |   0.0 |      19 |       0 |   0.0
        D:4 |     549 |       0 |   0.0 |      12 |       0 |   0.0
        D:5 |     554 |     250 |  31.1 |       8 |       8 |  50.0
        D:6 |    1717 |      82 |   4.6 |      23 |       4 |  14.8
        D:7 |     139 |       0 |   0.0 |       7 |       0 |   0.0
            +---------+---------+-------+---------+---------+-------
